 Dungeon Crawl Stone Soup version 0.23.2-30-g0e89c35649 (webtiles) character file.

Game seed: 12220886796444524040

167 TrebMcFLY the Caller (level 5, 0/37 HPs)
             Began as a Merfolk Summoner on June 12, 2019.
             Killed by divine providence
             ... invoked by an orc priest
              (12 damage)
             ... on level 4 of the Dungeon.
             The game lasted 00:10:43 (3655 turns).

TrebMcFLY the Caller (Merfolk Summoner)             Turns: 3655, Time: 00:10:45

Health: 0/37       AC:  4    Str:  8    XL:     5   Next: 48%
Magic:  6/9        EV: 12    Int: 16    God:
Gold:   185        SH:  0    Dex: 14    Spells: 3/9 levels left

rFire    . . .     SeeInvis .   i - +0 spear
rCold    . . .     Gourm    .   (no shield)
rNeg     + . .     Faith    .   n - +0 leather armour
rPois    .         Spirit   .   (no helmet)
rElec    .         Reflect  .   r - +0 cloak
rCorr    .         Harm     .   (no gloves)
MR       .....                  (no boots)
Stlth    +++.......             (no amulet)
HPRegen  0.12/turn              d - ring of positive energy
MPRegen  0.11/turn              p - ring of stealth

@: lightly drained
A: change form in water, swift swim, stealthy swim
a: no special abilities


You were on level 4 of the Dungeon.
You were not hungry.

You visited 1 branch of the dungeon, and saw 4 of its levels.

You collected 185 gold pieces.

Inventory:

Hand Weapons
 e - a +0 mace
 i - a +0 spear (weapon)
 m - a +2 hand axe of flaming
Missiles
 q - 4 javelins (quivered)
Armour
 a - a +0 robe
 n - a +0 leather armour (worn)
 r - a +0 cloak (worn)
Jewellery
 d - a ring of positive energy (left hand)
 h - an uncursed ring of ice
 p - a ring of stealth (right hand)
Scrolls
 b - 2 scrolls of teleportation {unknown}
 j - a scroll of amnesia {unknown}
 k - 2 scrolls of identify {unknown}
 l - a scroll of immolation {unknown}
 s - a scroll of remove curse {unknown}
Potions
 g - a potion of lignification {unknown}
 o - 2 potions of flight {unknown}
Comestibles
 c - 5 rations
 f - 6 chunks of flesh


   Skills:
 + Level 1.2(1.0) Fighting
 + Level 1.5(1.3) Polearms
 + Level 0.4(0.1) Armour
 + Level 3.1(2.9) Dodging
 - Level 2.1(1.9) Stealth
 + Level 2.9(2.6) Spellcasting
 * Level 5.4(5.1) Summonings


You had 3 spell levels left.
You knew the following spells:

 Your Spells              Type           Power        Failure   Level  Hunger
a - Summon Small Mammal   Summ           ###.         3%          1    #......
b - Call Imp              Summ           ###.....     4%          2    ##.....
c - Call Canine Familiar  Summ           ###.....     10%         3    ###....

Your spell library contained the following spells:

 Spells                   Type           Power        Failure   Level  Hunger
 Summon Guardian Golem    Hex/Summ       ##......     28%         3    ###....
 Summon Ice Beast         Ice/Summ       ##......     67%         4    #####..
 Summon Lightning Spire   Summ/Air       ##......     67%         4    #####..


Dungeon Overview and Level Annotations

Branches:
Dungeon (4/15)
 Temple: D:4-7

Altars:
Okawaru

Shops:
D:4 }


Message History

o - 2 white potions An orc comes into view.
The orc moves out of view.
There is a stone staircase leading up here.
Casting: Call Imp (safe; 4% risk of failure)
Confirm with . or Enter, or press ? or * to list all spells.
The orc priest calls down the wrath of Beogh upon you.
Beogh smites you!
Your hound bites the orc priest.
The orc priest completely misses you.
You hit the orc priest but do no damage.
Your hound bites the orc priest.
The orc priest mumbles some strange prayers to Beogh against you.
Beogh smites you!
You hit the orc priest but do no damage.
The orc priest is moderately wounded.
Your hound bites the orc priest.
Your hound bites the orc priest but does no damage.
The orc priest calls down the wrath of Beogh upon you.
Beogh smites you!
You die...

#....#..# #......#
..##.... ##.....#
#.#.>... ###.#...#
#....... . #.......#
#...... ... ##.<....##
#..o... ....####..##...#
#......
#.....#.......#####.....
##.....@......>#.....#.<
#......oh.###..)..# ##.
#.............[...# ##
##.......###.∩.#.####
#.....#.............#
#.....#.....5#..#....#
#............o..####..#
.........<÷.##..# ..
##.#.............# #


You could see an orc priest and a friendly hound.

Vanquished Creatures
  An ooze (D:2)
  A dart slug (D:2)
  A leopard gecko (D:1)
  2 orcs
  2 giant cockroaches
  A goblin (D:1)
  6 hobgoblins
  A quokka (D:3)
  A ball python (D:2)
  7 bats
  5 frilled lizards
  4 kobolds
  8 rats
40 creatures vanquished.

Vanquished Creatures (collateral kills)
  An orc warrior (D:3)
  3 orc wizards (D:3)
  3 adders
  A worm (D:3)
  6 orcs
  A giant cockroach (D:3)
  2 goblins (D:3)
  2 bats (D:3)
  A frilled lizard (D:3)
20 creatures vanquished.

Grand Total: 60 creatures vanquished

Notes
Turn   | Place    | Note
-------+----------+-------------------------------------------
     0 | D:1      | TrebMcFLY the Merfolk Summoner began the quest for the Orb.
     0 | D:1      | Reached XP level 1. HP: 13/13 MP: 3/3
     3 | D:1      | Noticed an electric eel
     3 | D:1      | Noticed an electric eel
   651 | D:1      | Reached XP level 2. HP: 15/19 MP: 5/5
   662 | D:1      | Learned a level 2 spell: Call Imp
  1599 | D:2      | Reached XP level 3. HP: 17/24 MP: 6/6
  1631 | D:2      | Learned a level 3 spell: Call Canine Familiar
  2534 | D:3      | Noticed an orc warrior
  2558 | D:3      | Reached skill level 5 in Summonings
  2558 | D:3      | Reached XP level 4. HP: 22/30 MP: 1/8
  2683 | D:3      | Found an iron altar of Okawaru.
  2909 | D:3      | Killed an orc warrior
  2909 | D:3      | Reached skill level 1 in Polearms
  2909 | D:3      | Reached XP level 5. HP: 36/36 MP: 1/9
  3067 | D:3      | Reached skill level 1 in Fighting
  3469 | D:4      | Found Kotudwutz's Gadget Shoppe.
  3655 | D:4      | Killed from afar by an orc priest

Skill      XL: |  1  2  3  4  5 |
---------------+----------------+-----
Summonings     | 5 |  5.4
Polearms       | 1 |  1.5
Dodging        | 3 |  3.1
Fighting       | 1 |  1.2
Armour         | |  0.4
Stealth        | |  2.1
Spellcasting   | |  2.9

Action                   |  1- 3 |  4- 6 || total
-------------------------+-------+-------++-------
Melee: Mace              |    49 |       ||    49
       Spear             |    81 |    56 ||   137
 Cast: Summon Small Mamm |     7 |     1 ||     8
       Call Imp          |     2 |     8 ||    10
       Call Canine Famil |     1 |     7 ||     8
  Use: Potion            |     4 |       ||     4
 Stab: Sleeping          |     3 |     5 ||     8
       Distracted        |       |     2 ||     2
  Eat: Chunk             |     5 |     5 ||    10
Armor: Robe              |    28 |       ||    28
       Leather armour    |    21 |     8 ||    29
Dodge: Dodged            |   106 |    35 ||   141
